 Dungeon Crawl Stone Soup version 0.27-a0-1217-g8a41f320e8 (webtiles) character file.

Game seed: 6227627606498612261

143 funkygono the Stinger (level 5, -18/35 HPs)
             Began as a Formicid Venom Mage on June 5, 2021.
             Demolished by Crazy Yiuf
             ... wielding a +3 quarterstaff of chaos
              (19 damage)
             ... on level 3 of the Dungeon.
             The game lasted 00:06:24 (3170 turns).

funkygono the Stinger (Formicid Venom Mage)         Turns: 3170, Time: 00:06:25

Health: -18/35     AC:  3    Str: 13    XL:     5   Next: 50%
Magic:  3/10       EV: 12    Int: 15    God:
Gold:   100        SH:  4    Dex: 11    Spells: 0/10 levels left

rFire    . . .     SeeInvis +   g - +0 flail
rCold    + . .     Faith    .   (no shield)
rNeg     . . .     Spirit   .   a - +1 robe
rPois    .         Reflect  .   (helmet unavailable)
rElec    .         Harm     .   (no cloak)
rCorr    .         Rampage  .   (no gloves)
Will     .....                  (no boots)
Stlth    ++........             (no amulet)
HPRegen  0.11/turn              (no ring)
MPRegen  0.12/turn              (no ring)

@: no status effects
A: permanent stasis, dig shafts and tunnels, antennae 3, four strong arms, large
bone plates 1, cold resistance 1
a: Dig, Shaft Self


You were on level 3 of the Dungeon.
You visited 1 branch of the dungeon, and saw 3 of its levels.

You collected 100 gold pieces.

Inventory:

Hand Weapons
 f - a +0 club
 g - a +0 flail (weapon)
 j - a +0 whip
Missiles
 b - 105 stones
 i - 8 boomerangs of dispersal
Armour
 a - a +1 robe (worn)
 h - a +0 leather armour
Jewellery
 e - a ring of ice
Wands
 l - a wand of iceblast (4)
Scrolls
 c - a scroll of vulnerability {unknown}
 k - a scroll of silence {unknown}
Potions
 d - a potion of mutation
 m - a potion of heal wounds {unknown}


   Skills:
 + Level 1.8 Dodging
 - Level 2.4 Stealth
 * Level 3.4 Spellcasting
 + Level 2.0 Transmutations
 * Level 1.0 Fire Magic
 + Level 0.2 Air Magic
 * Level 5.9 Poison Magic


You couldn't memorise any spells.
You knew the following spells:

 Your Spells              Type           Power      Damage    Failure   Level
a - Sting                 Tmut/Pois      56%        1d5       3%          1
b - Poisonous Vapours     Pois/Air       22%        N/A       9%          2
c - Ignite Poison         Fire/Tmut/Pois 11%        N/A       17%         3
d - Olgreb's Toxic Radia  Pois           20%        N/A       17%         4

Your spell library contained the following spells:

 Spells                   Type           Power      Damage    Failure   Level
 Mephitic Cloud           Conj/Pois/Air  8%         N/A       24%         3


Dungeon Overview and Level Annotations

Branches:
Dungeon (3/15)

Altars:
Qazlal

Shops:
D:3 ?

Annotations:
D:3 Crazy Yiuf


Innate Abilities, Weirdness & Mutations

You cannot be hasted, slowed, berserked, paralysed or teleported.
You can dig through walls and to a lower floor.
You have a pair of large antennae on your head. (SInv)
Your four strong arms can wield two-handed weapons with a shield.
You are partially covered in large bone plates. (SH +4)
Your flesh is cold resistant. (rC+)


Message History

You kill the endoplasm!
Found a club.
Found a stone staircase leading up.
You see here a +0 club.
Found a mace.
Found a runed translucent door.
Crazy Yiuf shouts!
You open the door.
Casting: Sting (safe; 3% risk of failure)
Confirm with . or Enter, or press ? or * to list all spells.
Aiming: Sting (safe; 3% risk of failure)
Press: ? - help, Shift-Dir - straight line, f - Crazy Yiuf
Aim: Crazy Yiuf, wielding a +3 quarterstaff of chaos and wearing a +0 cloak (75% to hit)
The sting hits Crazy Yiuf.
Crazy Yiuf is poisoned.
Crazy Yiuf is lightly wounded.
Crazy Yiuf hits you with a +3 quarterstaff of chaos!
Crazy Yiuf burns you!
Unknown command.
Unknown command.
Crazy Yiuf looks more healthy.
Crazy Yiuf cries, "Rot tortoise unthinkable!"
Crazy Yiuf cries, "Paint!"
Unknown command.
You see here a +0 club.
Casting: Sting (safe; 3% risk of failure)
Confirm with . or Enter, or press ? or * to list all spells.
Aiming: Sting (safe; 3% risk of failure)
Press: ? - help, Shift-Dir - straight line, f/p - Crazy Yiuf
Aim: Crazy Yiuf, wielding a +3 quarterstaff of chaos and wearing a +0 cloak (moderately wounded, 75% to hit)
The sting hits Crazy Yiuf.
Crazy Yiuf is poisoned.
Crazy Yiuf is heavily wounded.
Crazy Yiuf hits you with a +3 quarterstaff of chaos!
* * * LOW HITPOINT WARNING * * *
You feel your power leaking away.
Okay, then.
It was a potion of mutation.
You feel extremely strange.
Large bone plates grow over parts of your arms.
You feel resistant to cold.
Crazy Yiuf hits you with a +3 quarterstaff of chaos!!
Ouch! That really hurt!
You die...

########### #.........#
#####.#######.#
############...#.# #.#
##.........g@.#.#.#####
#.#
.....##<.)###.........#
#.#
#.........######.###.#
#.# ####.....##
#.###.###.# #+..+##
#.........# #....#
#####.##### ♣....♣ #.#
♣...♣♣ #####.#### ♣♣.♣♣
#........#


You could see Crazy Yiuf (poisoned).

Vanquished Creatures
  Jessica (D:2)
  3 gnolls (D:2)
  3 adders
  A worm (D:2)
  2 dart slugs (D:1)
  4 bats
  8 endoplasms
  A giant cockroach (D:1)
  3 goblins
  4 hobgoblins
  8 jackals
  4 kobolds
  A quokka (D:2)
  4 ball pythons
  A frilled lizard (D:1)
  4 rats
52 creatures vanquished.

Notes
Turn   | Place    | Note
-------+----------+-------------------------------------------
     0 | D:1      | funkygono the Formicid Venom Mage began the quest for the
                  | Orb.
     0 | D:1      | Reached XP level 1. HP: 13/13 MP: 3/3
   120 | D:1      | You fall into a shaft and drop 1 floor!
   120 | D:2      | Found a faded altar of an unknown god.
   176 | D:2      | Reached XP level 2. HP: 17/19 MP: 1/5
   287 | D:1      | Learned a level 2 spell: Poisonous Vapours
   528 | D:1      | Reached XP level 3. HP: 24/24 MP: 5/7
   532 | D:1      | Learned a level 3 spell: Ignite Poison
  1338 | D:2      | Noticed Jessica
  1373 | D:2      | Killed Jessica
  1374 | D:2      | Reached skill level 5 in Poison Magic
  1374 | D:2      | Reached XP level 4. HP: 22/30 MP: 4/8
  1503 | D:2      | Reached skill level 1 in Fire Magic
  1808 | D:2      | Reached XP level 5. HP: 35/35 MP: 2/9
  1813 | D:2      | Learned a level 4 spell: Olgreb's Toxic Radiance
  2597 | D:3      | Found Amnamiem's Magic Scroll Boutique.
  2785 | D:3      | Found a stormy altar of Qazlal.
  3149 | D:3      | Found a runed translucent door.
  3150 | D:3      | Noticed Crazy Yiuf
  3167 | D:3      | HP: 1/35 [Crazy Yiuf/+3 quarterstaff of chaos (12)]
  3170 | D:3      | Gained mutation: You are partially covered in large bone
                  | plates. (SH +4) [potion of mutation]
  3170 | D:3      | Gained mutation: Your flesh is cold resistant. (rC+)
                  | [potion of mutation]
  3170 | D:3      | Demolished by Crazy Yiuf

Illustrated notes

Levels and vault maps discovered:
D:1:      dpeg_arrival_court, layout_loops_ring
D:2:      layout_rooms, ebering_ecumenical_altar_sacrificial, uniq_jessica
D:3:      layout_loops_corners, grunt_qazlal_sundering,
          grunt_temple_overflow_diamond, serial_shops, shop,
          grunt_decor_junction, feat_on_display, uniq_crazy_yiuf_cottage

Skill      XL: |  1  2  3  4 |
---------------+-------------+-----
Spellcasting   | 3 |  3.4
Transmutations | 2 |  2.0
Poison Magic   | 5 |  5.9
Fire Magic     | 1 |  1.0
Dodging        | |  1.8
Stealth        | |  2.4
Air Magic      | |  0.2

Action                   |  1- 3 |  4- 6 || total
-------------------------+-------+-------++-------
Melee: Club              |     4 |       ||     4
       Whip              |       |     5 ||     5
       Flail             |       |     6 ||     6
 Cast: Sting             |    47 |    36 ||    83
       Poisonous Vapours |       |     9 ||     9
       Ignite Poison     |       |     3 ||     3
       Olgreb's Toxic Ra |       |     1 ||     1
  Use: Scroll            |     3 |     3 ||     6
       Potion            |       |     1 ||     1
Armor: Robe              |     3 |     3 ||     6
Dodge: Dodged            |    15 |     6 ||    21

Table legend: (Time is in decaauts)
 A = Elapsed time spent in this place.
 B = Non-inter-level travel time spent in this place.
 C = Inter-level travel time spent in this place.
 D = Time resting spent in this place.
 E = Time spent auto-exploring this place.
 F = Levels seen in this place.
 G = Mean time per level.
                   A        B        C        D        E       F      G
               +--------+--------+--------+--------+--------+-----+--------+
         Total |   3171 |   3120 |     51 |    193 |   2446 |   3 | 1057.0 |
       Dungeon |   3171 |   3120 |     51 |    193 |   2446 |   3 | 1057.0 |
               +--------+--------+--------+--------+--------+-----+--------+

Top non-repeatable levels by time:
     D:2: 1334 daAuts
     D:1: 1203 daAuts
     D:3: 633 daAuts
